 Dungeon Crawl Stone Soup version 0.29-a0-231-g945431f764 (webtiles) character file.

Game seed: 4822454019582181677

11 avis the Skirmisher (level 2, 0/27 HPs)
             Began as a Hill Orc Monk on Mar 1, 2022.
             Slain by a kobold
             ... wielding a +0 whip
              (4 damage)
             ... on level 1 of the Dungeon.
             The game lasted 00:02:11 (604 turns).

avis the Skirmisher (Hill Orc Monk)                  Turns: 604, Time: 00:02:12

Health: 0/27       AC:  3    Str: 13    XL:     2   Next: 29%
Magic:  2/2        EV:  9    Int: 10    God:
Gold:   8          SH:  0    Dex: 13    Spells: 1/1 levels left

rFire   . . .      SeeInvis .   a - +0 mace
rCold   . . .      Faith    .   (no shield)
rNeg    . . .      Spirit   .   b - +0 robe
rPois   .          Reflect  .   (no helmet)
rElec   .          Harm     .   c - +0 cloak
rCorr   .          Rampage  .   (no gloves)
Will    .....                   (no boots)
Stlth   ++........              m - amulet of the acrobat
HPRegen 0.09/turn               (no ring)
MPRegen 0.08/turn               (no ring)

@: mighty, constricted
A: no striking features
a: no special abilities


You were on level 1 of the Dungeon.
You visited 1 branch of the dungeon, and saw 1 of its levels.

You collected 8 gold pieces.

Inventory:

Hand Weapons
 a - a +0 mace (weapon)
Missiles
 f - 17 stones (quivered)
Armour
 b - a +0 robe (worn)
 c - a +0 cloak (worn)
Jewellery
 m - an amulet of the acrobat (around neck)
Scrolls
 e - a scroll of noise {unknown}
 h - 2 scrolls of vulnerability {unknown}
Potions
 d - a potion of degeneration {unknown}
 g - a potion of mutation {unknown}
 i - a potion of curing {unknown}
 j - a potion of invisibility {unknown}
 k - a potion of might
 l - a potion of heal wounds {unknown}


   Skills:
 - Level 4.0 Fighting
 * Level 3.8 Maces & Flails
 - Level 2.4 Dodging
 - Level 1.5 Stealth


You had one spell level left.
You didn't know any spells.
Your spell library contained the following spells:

 Spells                   Type           Power      Damage    Failure   Level
 Summon Forest            Summ/Tloc      0%         N/A       100%        5
 Summon Mana Viper        Hex/Summ       0%         N/A       100%        5
 Summon Cactus Giant      Summ           0%         N/A       100%        6


Dungeon Overview and Level Annotations

Branches:
Dungeon (1/15)

Altars:


Message History

You feel sick. The kobold completely misses you.
You barely miss the kobold.
You feel sick. The kobold barely misses you.
You hit the kobold but do no damage.
You feel sick. The kobold barely misses you. The ball python barely misses you.
The ball python misses you. The kobold misses you.
The ball python closely misses you. x2
You miss the kobold.
You feel sick. The ball python barely misses you. The ball python grabs you.
The ball python constricts you. The kobold hits you but does no damage.
You barely miss the kobold.
You feel sick. The ball python closely misses you.
The ball python constricts you. The kobold hits you but does no damage.
You closely miss the kobold.
You feel sick.
You are no longer poisoned.
The ball python closely misses you. The ball python constricts you.
The kobold closely misses you. The ball python completely misses you.
The ball python constricts you.
You hit the kobold.
The kobold is severely wounded.
The ball python closely misses you. The ball python constricts you.
The kobold hits you with a +0 whip.
You closely miss the kobold.
The kobold is moderately wounded.
The ball python bites you but does no damage.
The ball python constricts you. The kobold completely misses you.
The ball python barely misses you. The ball python constricts you.
The kobold misses you.
You hit the kobold but do no damage. The ball python bites you.
The ball python constricts you. The kobold closely misses you.
You barely miss the ball python. The ball python bites you.
The ball python constricts you.
* * * LOW HITPOINT WARNING * * *
The kobold hits you with a +0 whip.
* * * LOW HITPOINT WARNING * * *
The ball python barely misses you. The ball python constricts you.
* * * LOW HITPOINT WARNING * * *
It was a potion of might.
You feel very mighty all of a sudden.
The ball python bites you but does no damage.
The ball python constricts you. The kobold hits you with a +0 whip.
You die...

#....###........#..........
#....# #........#..........
#....###.###.####..........
####....#.......#
#..........
#.......#......##
#.......###
#.......#......#
#..........
#.....###......#
#####...... #.....#
#......###### #......
#######
#....@S...............
#....K................
#.....................
#......................
#...##......#####......
#... #......# ####... #..
#......# #.## ### #.......
#### #...


You could see a ball python and a kobold.

Vanquished Creatures
  3 bats (D:1)
  2 goblins (D:1)
  A hobgoblin (D:1)
  A quokka (D:1)
  2 frilled lizards (D:1)
  A kobold (D:1)
  2 rats (D:1)
12 creatures vanquished.

Notes
Turn   | Place    | Note
-------+----------+-------------------------------------------
     0 | D:1      | avis the Hill Orc Monk began the quest for the Orb.
     0 | D:1      | Reached XP level 1. HP: 19/19 MP: 1/1
   321 | D:1      | Found a faded altar of an unknown god.
   391 | D:1      | Reached skill level 4 in Fighting
   450 | D:1      | Reached XP level 2. HP: 24/27 MP: 2/2
   604 | D:1      | Slain by a kobold

Illustrated notes

Levels and vault maps discovered:
D:1:      minmay_arrival_checkered_box, layout_basic,
          chequers_ecumenical_altar_simple_redux

Skill      XL: |  1 |
---------------+----+-----
Fighting       | 4 |  4.0
Maces & Flails | |  3.8
Dodging        | |  2.4
Stealth        | |  1.5

Action                   || total
-------------------------++-------
Melee: Mace              ||    40
  Use: Potion            ||     1
 Stab: Sleeping          ||     1
Armor: Robe              ||    16
Dodge: Dodged            ||    41

Table legend: (Time is in decaauts)
 A = Elapsed time spent in this place.
 B = Non-inter-level travel time spent in this place.
 C = Inter-level travel time spent in this place.
 D = Time resting spent in this place.
 E = Time spent auto-exploring this place.
 F = Levels seen in this place.
 G = Mean time per level.
                   A        B        C        D        E       F      G
               +--------+--------+--------+--------+--------+-----+--------+
         Total |    612 |    612 |      0 |    170 |    280 |   1 |  612.0 |
       Dungeon |    612 |    612 |      0 |    170 |    280 |   1 |  612.0 |
               +--------+--------+--------+--------+--------+-----+--------+

Top non-repeatable levels by time:
     D:1: 612 daAuts
